 Dungeon Crawl Stone Soup version 0.28-a0-503-g83f2989fac (webtiles) character file.

Game seed: 13669046608927754572

2055 Dvallin the Fighter (level 9, -3/94 (98) HPs)
             Began as an Ogre Cinder Acolyte on Sept 20, 2021.
             Was a High Priest of Ignis.
             Slain by an unseen horror (5 damage)
             ... on level 6 of the Dungeon.
             The game lasted 00:19:19 (9755 turns).

Dvallin the Fighter (Ogre Cinder Acolyte)           Turns: 9755, Time: 00:19:20

HP:   -3/94 (98)    AC:  3    Str: 20    XL:     9   Next: 25%
MP:   0/13          EV:  9    Int: 18    God:    Ignis [*****.]
Gold: 198           SH:  0    Dex:  4    Spells: 12/14 levels left

rFire   + + .      SeeInvis .     - Unarmed
rCold   . . .      Faith    .   (no shield)
rNeg    . . .      Spirit   .   a - +0 robe
rPois   .          Reflect  .   (helmet restricted)
rElec   .          Harm     .   w - scarf {shadows}
rCorr   .          Rampage  .   (gloves unavailable)
Will    .....                   (boots unavailable)
Stlth   +.........              (no amulet)
HPRegen 0.25/turn               z - ring of fire
MPRegen 0.13/turn               v - ring of protection from cold

@: lightly drained
A: large, unfitting armour, tough skin 1
a: Renounce Religion, Sea of Fire, Foxfire Swarm, Rising Flame


You were on level 6 of the Dungeon.
You worshipped Ignis.
Ignis was extremely pleased with you.
You visited 1 branch of the dungeon, and saw 7 of its levels.
You also visited: Ossuary.

You collected 198 gold pieces.

Inventory:

Armour
 a - a +0 robe (worn)
 m - a +1 tower shield
 w - a scarf of shadows (worn)
Jewellery
 u - a +6 ring of intelligence
 v - a ring of protection from cold (right hand)
 z - a ring of fire (left hand)
Wands
 t - a wand of flame (20)
Scrolls
 b - a scroll of vulnerability
 c - 3 scrolls of blinking
 e - 2 scrolls of amnesia
 g - 3 scrolls of teleportation
 j - a scroll of enchant weapon
 k - 3 scrolls of torment
 l - 2 scrolls of fog
 q - a scroll of summoning
 r - 6 scrolls of noise
 x - a scroll of magic mapping {unknown}
 y - a scroll of fear {unknown}
Potions
 d - 2 potions of berserk rage {unknown}
 f - 2 potions of lignification
 i - a potion of cancellation
 n - 3 potions of brilliance
 o - a potion of haste {unknown}
 p - 10 potions of degeneration
 s - a potion of mutation {unknown}


   Skills:
 + Level 9.2 Fighting
 * Level 8.7 Unarmed Combat
 + Level 3.1 Spellcasting
 + Level 4.1 Fire Magic


You had 12 spell levels left.
You knew the following spells:

 Your Spells              Type           Power      Damage    Failure   Level
a - Scorch                Fire           52%        2d7       4%          2

Your spell library contained the following spells:

 Spells                   Type           Power      Damage    Failure   Level
 Gell's Gravitas          Tloc           1%         N/A       43%         3
 Lesser Beckoning         Tloc           2%         N/A       43%         3
 Mephitic Cloud           Conj/Pois/Air  2%         N/A       43%         3
 Portal Projectile        Hex/Tloc       4%         N/A       43%         3
 Teleport Other           Tloc           2%         N/A       43%         3
 Blade Hands              Tmut           1%         N/A       99%         5
 Excruciating Wounds      Necr           1%         N/A       99%         5
 Irradiate                Conj/Tmut      1%         3d14      99%         5


Dungeon Overview and Level Annotations

Branches:
Dungeon (7/15)             Temple (0/1) D:5         Ossuary (visited)

Altars:
Hepliaklqana
Kikubaaqudgha
Nemelex Xobeh
Ru
Vehumet
Xom

Shops:
D:1 ?:   D:3 *   D:4 *!=(?


Innate Abilities, Weirdness & Mutations

You are too large for most types of armour.
You have tough skin. (AC +1)


Message History

Confirm with . or Enter, or press ? or * to list all spells.
You feel a surge of power!
Flames lash something.
Something hits you!
Casting: Scorch (safe; 4% risk of failure)
Confirm with . or Enter, or press ? or * to list all spells.
You feel a surge of power!
Flames lash something.
Something hits you! Something hits you but does no damage.
Casting: Scorch (safe; 4% risk of failure)
Confirm with . or Enter, or press ? or * to list all spells.
You feel a surge of power!
Flames lash something but do no damage.
Something hits you!
* * * LOW HITPOINT WARNING * * *
Something hits you.
* * * LOW HITPOINT WARNING * * *
Casting: Scorch (safe; 4% risk of failure)
Confirm with . or Enter, or press ? or * to list all spells.
You feel a surge of power!
Flames lash something.
Something hits you.
* * * LOW HITPOINT WARNING * * *
Something hits you!
* * * LOW HITPOINT WARNING * * *
You feel better. Something hits you.
* * * LOW HITPOINT WARNING * * *
You feel better. Something hits you.
* * * LOW HITPOINT WARNING * * *
Casting: Scorch (safe; 4% risk of failure)
Confirm with . or Enter, or press ? or * to list all spells.
You feel a surge of power!
Flames lash something.
Something hits you!
* * * LOW HITPOINT WARNING * * *
Casting: Scorch (safe; 4% risk of failure)
Confirm with . or Enter, or press ? or * to list all spells.
You don't have enough magic to cast this spell.
Casting: Scorch (safe; 4% risk of failure)
Confirm with . or Enter, or press ? or * to list all spells.
You don't have enough magic to cast this spell.
Unknown command.
You hit something but do no damage. Something hits you.
* * * LOW HITPOINT WARNING * * *
You hit something. Something hits you.
* * * LOW HITPOINT WARNING * * *
Something hits you.
You die...

..'......# #.......... ##
..#......# ##.#.#.#.#....
.##.....###########........#
##.....##.....[.....#.#<#.##
#......#..##[#.#.#.........#
.......# #[######..#.#.#.##
######## ##.#.#.#...###...#
##.#.##...###...#
####@#..>..+...+
#.##..####.[.# #. #..# ...#
).##..# #######...#
..........# # ..........# #
..........# # ###########


There were no monsters in sight!

Vanquished Creatures
  A vampire (D:5)
  A water moccasin (D:5)
  Duvessa (D:4)
  A sky beast (D:5)
  An ice beast (D:5)
  2 necrophages (D:5)
  2 centaurs
  A scorpion (D:7)
  2 water moccasin zombies
  Dowan (D:4)
  A water moccasin skeleton (D:4)
  4 wights (D:6)
  A human zombie (Ossuary)
  4 hounds
  A centaur skeleton (D:6)
  A centaur zombie (Ossuary)
  Ijyb (D:5)
  4 iguanas
  7 orc wizards
  5 mummies (Ossuary)
  A hound skeleton (D:4)
  A howler monkey skeleton (D:4)
  A gnoll (D:4)
  7 adders
  4 dart slugs
  14 orcs
  5 bats
  6 endoplasms
  4 giant cockroaches
  6 goblins
  7 hobgoblins
  3 quokkas
  12 ball pythons
  A frilled lizard (D:3)
  A goblin zombie (Ossuary)
  A hobgoblin zombie (Ossuary)
  4 kobolds
  3 kobold zombies (Ossuary)
  An orc zombie (Ossuary)
  3 rats
127 creatures vanquished.

Notes
Turn   | Place    | Note
-------+----------+-------------------------------------------
     0 | D:1      | Dvallin the Ogre Cinder Acolyte began the quest for the
                  | Orb.
     0 | D:1      | Reached XP level 1. HP: 24/24 MP: 2/2
   263 | D:1      | Reached XP level 2. HP: 31/32 MP: 5/5
   270 | D:1      | Learned a level 2 spell: Scorch
   649 | D:1      | Found Cimorph's Magic Scroll Emporium.
   697 | D:1      | Reached XP level 3. HP: 24/39 MP: 2/7
   933 | D:1      | Found Uwoymm's Book Shop.
  2090 | D:2      | Found a faded altar of an unknown god.
  2406 | D:2      | Reached XP level 4. HP: 44/48 MP: 1/8
  2608 | D:3      | Found Sougg's General Store.
  2748 | D:2      | Reached XP level 5. HP: 44/55 MP: 7/9
  3152 | D:3      | Found an ancient bone altar of Kikubaaqudgha.
  3489 | D:4      | Got Sif Muna's Papyrus of the Lonely Lies
  3580 | D:4      | You fall into a shaft and drop 1 floor!
  3580 | D:5      | Entered Level 5 of the Dungeon
  3603 | D:5      | Found a sacrificial altar of Ru.
  3687 | D:5      | Noticed an ice beast
  3701 | D:5      | Killed an ice beast
  3702 | D:5      | Reached skill level 5 in Fighting
  3702 | D:5      | Reached XP level 6. HP: 50/66 MP: 0/10
  3925 | D:4      | Found Qiottusm's Jewellery Boutique.
  3976 | D:4      | Noticed Dowan
  3999 | D:4      | Noticed Duvessa
  4306 | D:5      | Found a staircase to the Ecumenical Temple.
  4418 | D:5      | Noticed a necrophage
  4453 | D:5      | Killed a necrophage
  4454 | D:5      | Reached skill level 6 in Fighting
  4454 | D:5      | Reached skill level 5 in Unarmed Combat
  4454 | D:5      | Reached XP level 7. HP: 62/75 MP: 0/11
  4587 | D:4      | Noticed Ijyb
  4588 | D:4      | Found Eraix's General Store.
  4726 | D:5      | Killed Ijyb
  5454 | D:4      | Killed Duvessa
  5456 | D:4      | Killed Dowan
  5710 | D:4      | Reached skill level 7 in Fighting
  5713 | D:4      | Reached XP level 8. HP: 77/87 MP: 2/12
  5830 | D:4      | Found Beido's Magic Scroll Shoppe.
  5999 | D:4      | Found Afask's Weapon Emporium.
  6063 | D:4      | Found Jize's Distillery.
  6108 | D:4      | Found a bloodstained altar of Trog.
  6111 | D:4      | Found a radiant altar of Vehumet.
  6111 | D:4      | Found a hazy altar of Hepliaklqana.
  6113 | D:4      | Found a sparkling altar of Nemelex Xobeh.
  6113 | D:4      | Found a shimmering altar of Xom.
  6113 | D:4      | Found a broken altar of Ashenzari.
  6747 | D:5      | Found a hazy altar of Hepliaklqana.
  7100 | D:5      | Noticed a vampire
  7241 | D:5      | Killed a vampire
  7467 | D:5      | Reached skill level 8 in Fighting
  8055 | D:6      | Noticed a yak
  8055 | D:6      | Noticed a yak
  8055 | D:6      | Noticed a yak
  8055 | D:6      | Noticed a yak
  8453 | D:7      | Found a sand-covered staircase.
  8491 | Ossuary  | Entered an ossuary
  8956 | D:7      | Reached XP level 9. HP: 75/97 MP: 13/13
  9269 | D:6      | Reached skill level 9 in Fighting
  9753 | D:6      | HP: 3/94 [something (6)]
  9755 | D:6      | Slain by an unseen horror

Illustrated notes

Levels and vault maps discovered:
D:1:      minmay_arrival_stair_chambers, layout_loops_ring, serial_shops, shop,
          shop
D:2:      layout_basic, dilly_ecumenical_altar_fadedgnrine
D:3:      layout_loops_ring, mainiacjoe_overflow_paths, serial_shops, shop,
          grunt_decor_fettered
D:4:      layout_cave_pools, doesnt_xom_only_xom, serial_rivers,
          chequers_serial_rivers_room_b, chequers_serial_rivers_micro_a,
          chequers_serial_rivers_small_a, chequers_serial_rivers_micro_d,
          chequers_serial_rivers_micro_d, serial_shops, shop,
          nicolae_shop_crystal, nicolae_shop_stone, nicolae_inconvenience_store,
          shop, columned_hall_lemuel, kennysheep_donut, kennysheep_small_spiral,
          cheibrodos_gnoll_hut, uniq_ijyb, uniq_duvessa
D:5:      layout_loops_corners, kennysheep_mini_moat,
          nicolae_ru_sacrificial_ziggurat, minmay_temple_entry_tees,
          palyth_stone_intersect, nicolae_underground_beach
D:6:      layout_basic, nicolae_wu_jian_wuxing_cycle, st_stairs_8,
          dk_noncrumbling_3, chequers_serial_rivers_micro_a, minmay_small_thing
D:7:      layout_basic, enter_ossuary_2

Skill      XL: |  1  2  3  4  5  6  7  8  9 |
---------------+----------------------------+-----
Spellcasting   | 2 3 |  3.1
Fire Magic     | 3 4 |  4.1
Unarmed Combat | 3 4 5 6 8 |  8.7
Fighting       | 5 6 7 8 9 |  9.2

Action                   |  1- 3 |  4- 6 |  7- 9 || total
-------------------------+-------+-------+-------++-------
Melee: Unarmed           |    89 |    59 |   204 ||   352
       Punch             |       |     1 |     4 ||     5
 Cast: Scorch            |    24 |    45 |    75 ||   144
  Use: Potion            |       |       |     8 ||     8
       Scroll            |       |       |    12 ||    12
Armor: Robe              |    22 |    24 |    42 ||    88
       Skin              |       |       |     5 ||     5
Dodge: Dodged            |    43 |    34 |    97 ||   174

Table legend: (Time is in decaauts)
 A = Elapsed time spent in this place.
 B = Non-inter-level travel time spent in this place.
 C = Inter-level travel time spent in this place.
 D = Time resting spent in this place.
 E = Time spent auto-exploring this place.
 F = Levels seen in this place.
 G = Mean time per level.
                   A        B        C        D        E       F      G
               +--------+--------+--------+--------+--------+-----+--------+
         Total |   9736 |   9521 |    215 |   2219 |   5913 |   8 | 1217.0 |
       Dungeon |   9298 |   9083 |    215 |   2209 |   5574 |   7 | 1328.3 |
       Ossuary |    438 |    438 |      0 |     10 |    339 |   1 |  438.0 |
               +--------+--------+--------+--------+--------+-----+--------+

Top non-repeatable levels by time:
     D:5: 2920 daAuts
     D:4: 1837 daAuts
     D:2: 1427 daAuts
     D:1: 1177 daAuts
     D:3: 876 daAuts
     D:6: 550 daAuts
     D:7: 508 daAuts
 Ossuary: 438 daAuts
